[Event "Astana Open-A 2019"]
[Site "Nur-Sultan"]
[Date "2019.07.10"]
[Round "2"]
[White "Stupak, Kirill"]
[Black "Kazakov, Konstantin"]
[Result "1-0"]
[ECO "D52"]
[WhiteElo "2560"]
[BlackElo "2380"]
[Annotator "RC"]
[PlyCount "103"]
[EventDate "2019.07.11"]
[EventCountry "KAZ"]
[SourceTitle "playchess.com"]
[Source "ChessBase"]
[SourceQuality "1"]
[TimeControl "90+30"]

1. d4 Nf6 2. c4 e6 3. Nf3 d5 4. Bg5 Nbd7 5. e3 c6 6. Nc3 Qa5 7. cxd5 exd5 8. Bd3 Bb4 9. Qc2 O-O 10. O-O Re8 11. Rfc1 Bxc3 12. bxc3 Ne4 13. Bf4 Nb6 14. a4 g6 15. h3 c5 16. Bb5 Bd7 17. Ne5 Bf5 18. Bxe8 Rxe8 19. Qb3 f6 20. Nf3 Bd7 21. Bc7 c4 22. Qb2 Re6 23. Nd2 Nxd2 24. Qxd2 Qa6 25. a5 Na4 26. Qc2 b5 27. axb6 axb6 28. Qa2 Qc8 29. Bg3 Qf8 30. Qa3 Qxa3 31. Rxa3 b5 32. Bc7 Ra6 33. f3 Bf5 34. e4 Be6 35. Rb1 Bd7 36. exd5 Ra8 37. Re1 Kf7 38. Bd6 Re8 39. Rxe8 Kxe8 40. Bb4 Nb6 41. d6 Kf7 42. Ra1 g5 43. Kf2 Nd5 44. h4 h6 45. h5 Nb6 46. Ra6 Nc8 47. d5 f5 48. Ke3 Kf6 49. Kd4 f4 50. Rc6 Kf7 51. Ke5 Ke8 52. Bc5 1-0

[Event "Astana Open-A 2019"]
[Site "Nur-Sultan"]
[Date "2019.07.10"]
[Round "2"]
[White "Zhalmakhanov, Ramazan"]
[Black "Shomoev, Anton"]
[Result "1/2-1/2"]
[ECO "B87"]
[WhiteElo "2367"]
[BlackElo "2559"]
[Annotator "RC"]
[PlyCount "103"]
[EventDate "2019.07.11"]
[EventCountry "KAZ"]
[SourceTitle "playchess.com"]
[Source "ChessBase"]
[SourceQuality "1"]
[TimeControl "90+30"]

1. e4 c5 2. Nf3 d6 3. d4 cxd4 4. Nxd4 Nf6 5. Nc3 a6 6. Bc4 e6 7. Bb3 b5 8. O-O Be7 9. Qf3 Qc7 10. Qg3 O-O 11. Bh6 Ne8 12. Rad1 Bd7 13. Rfe1 Bf6 14. Bg5 Bxg5 15. Qxg5 Nc6 16. Nce2 Nf6 17. Ng3 Rfd8 18. Nxc6 Bxc6 19. Rd4 Rd7 20. f3 Qb6 21. Qe3 a5 22. a3 b4 23. axb4 axb4 24. Rdd1 Qxe3+ 25. Rxe3 Kf8 26. Red3 d5 27. e5 Ne8 28. f4 g6 29. Kf2 Rb7 30. R3d2 Nc7 31. Ne2 Rb6 32. Nd4 Na6 33. Ra1 Nc5 34. Rxa8+ Bxa8 35. Ke3 Bc6 36. Rd1 Ra6 37. g4 Bd7 38. h4 Ke7 39. Rh1 Ne4 40. Rd1 Nc5 41. Rh1 f6 42. exf6+ Kxf6 43. g5+ Kg7 44. h5 gxh5 45. Rxh5 Be8 46. Rh1 Bg6 47. Rd1 Be4 48. Nb5 Rb6 49. Nd4 Ra6 50. Nb5 Rb6 51. Nd4 Ra6 52. Nb5 1/2-1/2

[Event "Astana Open-A 2019"]
[Site "Nur-Sultan"]
[Date "2019.07.12"]
[Round "4.1"]
[White "Vitaly, Sivuk"]
[Black "Ayan, Akhmetov"]
[Result "1-0"]
[ECO "E10"]
[WhiteElo "2546"]
[BlackElo "2430"]
[Annotator "ChessBase"]
[PlyCount "93"]
[EventDate "2019.07.11"]
[EventCountry "KAZ"]
[SourceTitle "playchess.com"]
[Source "ChessBase"]
[SourceQuality "1"]
[TimeControl "5400+30"]

1. d4 Nf6 2. c4 Nc6 3. Nf3 e6 4. g3 Bb4+ 5. Bd2 O-O 6. Bg2 Re8 7. O-O d5 8. Qc2 a6 9. Rd1 h6 10. Bxb4 Nxb4 11. Qc3 Nc6 12. Nbd2 Bd7 13. Rac1 Ne4 14. Qc2 f5 15. cxd5 exd5 16. Qb3 Bc8 17. e3 Kh8 18. Ne1 Qd6 19. Nd3 Nd8 20. Nf3 Be6 21. Nfe5 c6 22. f3 Nf6 23. Nc5 Rb8 24. Bh3 Kg8 25. Qc2 Nf7 26. Nxe6 Rxe6 27. Bxf5 Rxe5 28. dxe5 Nxe5 29. Qe2 Re8 30. e4 g6 31. Bh3 g5 32. Bf5 Nf7 33. Qf2 Qb8 34. exd5 Nxd5 35. Re1 Re5 36. Be6 Qd6 37. Rxe5 Qxe5 38. Re1 Qf6 39. Bxd5 cxd5 40. Rd1 Qf5 41. f4 gxf4 42. Qxf4 Qc2 43. Qd2 Qc5+ 44. Qd4 Qb5 45. Rd2 Kf8 46. Qxd5 Qe8 47. Rf2 1-0

[Event "Astana Open-A 2019"]
[Site "Nur-Sultan"]
[Date "2019.07.12"]
[Round "4.2"]
[White "Arjun, Erigaisi"]
[Black "Alibek, Igambergenov"]
[Result "1-0"]
[ECO "A13"]
[WhiteElo "2531"]
[BlackElo "2337"]
[Annotator "ChessBase"]
[PlyCount "95"]
[EventDate "2019.07.11"]
[EventCountry "KAZ"]
[SourceTitle "playchess.com"]
[Source "ChessBase"]
[SourceQuality "1"]
[TimeControl "5400+30"]

1. d4 Nf6 2. c4 e6 3. Nf3 d5 4. Nc3 a6 5. cxd5 exd5 6. g3 Bd6 7. Bg2 O-O 8. O-O c6 9. Qb3 Qc7 10. Bg5 Nbd7 11. Nh4 h6 12. Bd2 Nb6 13. Qc2 Nc4 14. Bc1 Be6 15. a4 Qb6 16. Rd1 Na5 17. Rb1 Qb3 18. Qd3 b5 19. Nf3 bxa4 20. Nd2 Qb6 21. Ra1 a3 22. bxa3 Rfb8 23. Rb1 Qa7 24. Bb2 Rb7 25. e4 Rab8 26. Qc2 Be7 27. e5 Nd7 28. Na4 Nb6 29. Nxb6 Rxb6 30. Bc3 Rxb1 31. Rxb1 Rxb1+ 32. Qxb1 Nb7 33. Qb3 c5 34. Bxd5 cxd4 35. Bxe6 dxc3 36. Bxf7+ Kh8 37. Qxc3 Nd8 38. Ba2 Qd7 39. Qb3 Qe8 40. Nf3 a5 41. Qd3 Qc6 42. Nd4 Qc1+ 43. Kg2 Qc8 44. Bb1 Kg8 45. Qh7+ Kf8 46. Qh8+ Kf7 47. Ba2+ Kg6 48. Qe8+ 1-0

[Event "Astana Open-A 2019"]
[Site "Nur-Sultan"]
[Date "2019.07.12"]
[Round "4.3"]
[White "Evgeniy, Pak"]
[Black "Farrukh, Amanatov"]
[Result "0-1"]
[ECO "E71"]
[WhiteElo "2402"]
[BlackElo "2632"]
[Annotator "ChessBase"]
[PlyCount "132"]
[EventDate "2019.07.11"]
[EventCountry "KAZ"]
[SourceTitle "playchess.com"]
[Source "ChessBase"]
[SourceQuality "1"]
[TimeControl "5400+30"]

1. d4 Nf6 2. c4 g6 3. Nc3 Bg7 4. e4 d6 5. h3 O-O 6. Be3 e5 7. d5 a5 8. g4 Na6 9. Nge2 Nd7 10. Qd2 Ndc5 11. Ng3 c6 12. O-O-O cxd5 13. Qxd5 Be6 14. Qxd6 Qc8 15. Kb1 Qc6 16. Qd2 Nb4 17. Nd5 Qa4 18. Nc3 Qc6 19. Be2 Rfc8 20. Rc1 Bf8 21. Rhd1 Qe8 22. Bg5 Be7 23. Bxe7 Qxe7 24. g5 Nc6 25. Nd5 Bxd5 26. exd5 Nd4 27. Bg4 Re8 28. Re1 Qd6 29. Ne4 Nxe4 30. Rxe4 h5 31. gxh6 f5 32. Rxd4 exd4 33. Bxf5 Qf6 34. Bd3 Kh8 35. Rg1 Rg8 36. Be4 Rac8 37. Rc1 b6 38. f3 Rc7 39. h4 Rgc8 40. Qg5 Rf8 41. Qg3 Rh7 42. h5 gxh5 43. Bxh7 Kxh7 44. Re1 h4 45. Qg7+ Qxg7 46. hxg7 Kxg7 47. Re4 Rh8 48. Rxd4 h3 49. Rd1 h2 50. Rh1 Kf6 51. d6 Ke6 52. Kc2 Kxd6 53. Kd3 Ke5 54. Ke3 Rh4 55. b3 Rh3 56. a3 Rh8 57. Kf2 Kd4 58. Kg2 Kc3 59. f4 Kxb3 60. f5 Kxc4 61. Kf3 b5 62. Kg4 Kb3 63. Kg5 Kxa3 64. Kg6 b4 65. Kg7 Rb8 66. Rxh2 b3 0-1

[Event "Astana Open-A 2019"]
[Site "Nur-Sultan"]
[Date "2019.07.12"]
[Round "4.4"]
[White "Vadim, Malakhatko"]
[Black "Shomoev, Anton"]
[Result "1-0"]
[ECO "E94"]
[WhiteElo "2462"]
[BlackElo "2559"]
[Annotator "ChessBase"]
[PlyCount "165"]
[EventDate "2019.07.11"]
[EventCountry "KAZ"]
[SourceTitle "playchess.com"]
[Source "ChessBase"]
[SourceQuality "1"]
[TimeControl "5400+30"]

1. c4 g6 2. d4 Nf6 3. Nc3 Bg7 4. e4 d6 5. Nf3 O-O 6. Be2 e5 7. O-O c6 8. Re1 exd4 9. Nxd4 Re8 10. Bf1 Qb6 11. Na4 Qa5 12. Nc3 Qb6 13. Na4 Qa5 14. Nc3 Ng4 15. h3 Qc5 16. hxg4 Bxd4 17. Be3 Bxe3 18. Rxe3 Nd7 19. Be2 Nf6 20. g5 Qxg5 21. Qxd6 Ng4 22. Bxg4 Bxg4 23. e5 Bf5 24. Rae1 Rad8 25. Qc5 Qf4 26. Ne2 Qh4 27. b3 Qe7 28. Qxa7 Ra8 29. Qd4 Rxa2 30. Ng3 Qg5 31. Qb6 Qf4 32. Ne2 Qh4 33. Qxb7 Re6 34. Qb6 g5 35. Ng3 Bg6 36. Qd8+ Kg7 37. Rf3 Qg4 38. Nf1 h6 39. Ne3 Qh4 40. Nf5+ Bxf5 41. Rxf5 Qg4 42. Rf3 Ra7 43. Qd3 Rae7 44. Re4 Qh5 45. Rf5 Ra7 46. Re1 Qg4 47. Rf3 c5 48. Qd5 Qd4 49. Rd3 Ra1 50. Rxd4 Rxe1+ 51. Kh2 cxd4 52. Qxd4 R6xe5 53. g3 f6 54. b4 h5 55. b5 Rb1 56. Qd7+ Kh6 57. Qc6 Rf5 58. Kg2 Rb2 59. Qb6 Kg6 60. Qd4 Rb3 61. b6 Re5 62. c5 g4 63. Qc4 Rb2 64. c6 Rxb6 65. c7 Re8 66. Qd3+ f5 67. Qd7 Rg8 68. c8=Q Rxc8 69. Qxc8 Rf6 70. Qg8+ Kh6 71. f4 gxf3+ 72. Kxf3 Rg6 73. Qh8+ Kg5 74. Qd8+ Kh6 75. Kf4 Rg4+ 76. Kxf5 Kh7 77. Qd3 Rg6 78. Qc3 Rg7 79. Kf6 Rg4 80. Qe5 Kh6 81. Kf7 h4 82. gxh4 Rg2 83. Qh8# 1-0

[Event "Astana Open-A 2019"]
[Site "Nur-Sultan"]
[Date "2019.07.12"]
[Round "4.5"]
[White "Dmitry, Khegai"]
[Black "Rakhimzhan, Alen"]
[Result "1-0"]
[ECO "C54"]
[WhiteElo "2503"]
[BlackElo "2304"]
[Annotator "ChessBase"]
[PlyCount "53"]
[EventDate "2019.07.11"]
[EventCountry "KAZ"]
[SourceTitle "playchess.com"]
[Source "ChessBase"]
[SourceQuality "1"]
[TimeControl "5400+30"]

1. e4 e5 2. Nf3 Nc6 3. Bc4 Bc5 4. c3 Nf6 5. d3 d6 6. Bb3 a6 7. Nbd2 h6 8. Nf1 Ba7 9. Ng3 O-O 10. O-O Be6 11. Bc2 Re8 12. h3 d5 13. exd5 Bxd5 14. Re1 Qd7 15. Bd2 Rad8 16. b4 Be6 17. Nxe5 Nxe5 18. Rxe5 Bxh3 19. Rxe8+ Rxe8 20. gxh3 Qxh3 21. d4 Ng4 22. Qf3 Qh2+ 23. Kf1 Qh4 24. Qg2 g6 25. Re1 Rxe1+ 26. Bxe1 c6 27. Nf5 1-0

[Event "Astana Open-A 2019"]
[Site "Nur-Sultan"]
[Date "2019.07.12"]
[Round "4.6"]
[White "Nogerbek, Kazybek"]
[Black "Kostenko, Petr"]
[Result "1/2-1/2"]
[ECO "B10"]
[WhiteElo "2275"]
[BlackElo "2471"]
[Annotator "ChessBase"]
[PlyCount "83"]
[EventDate "2019.07.11"]
[EventCountry "KAZ"]
[SourceTitle "playchess.com"]
[Source "ChessBase"]
[SourceQuality "1"]
[TimeControl "5400+30"]

1. e4 c6 2. Nf3 d5 3. exd5 cxd5 4. Ne5 Nc6 5. d4 e6 6. Bb5 Qc7 7. O-O Bd6 8. Re1 Nge7 9. c4 O-O 10. cxd5 Nxd5 11. Bxc6 bxc6 12. Nd2 c5 13. Ne4 cxd4 14. Nxd6 Qxd6 15. Qxd4 Bb7 16. b3 f6 17. Nc4 Qa6 18. Ne3 Rac8 19. Nxd5 Bxd5 20. Be3 Rc7 21. Rac1 Rxc1 22. Rxc1 Qxa2 23. Qxa7 Qxb3 24. h3 h6 25. Qb6 Qxb6 26. Bxb6 Rb8 27. Be3 Rb4 28. Rc7 g5 29. Bd2 Rb1+ 30. Rc1 Rb7 31. h4 gxh4 32. Bxh6 Kh7 33. Bf8 Kg6 34. Kh2 Kg5 35. Rd1 Rb5 36. Rd3 Rb1 37. Bc5 Rb2 38. Be3+ Kf5 39. Rd4 Rb7 40. Rxh4 e5 41. Rh6 Rf7 42. Bb6 1/2-1/2

[Event "Astana Open-A 2019"]
[Site "Nur-Sultan"]
[Date "2019.07.15"]
[Round "6.3"]
[White "Dmitry, Bocharov"]
[Black "Vladimir, Burmakin"]
[Result "1-0"]
[ECO "B12"]
[WhiteElo "2506"]
[BlackElo "2506"]
[Annotator "ChessBase"]
[PlyCount "113"]
[EventDate "2019.07.11"]
[EventCountry "KAZ"]
[SourceTitle "playchess.com"]
[Source "ChessBase"]
[SourceQuality "1"]
[TimeControl "90+30"]

1. e4 c6 2. d4 d5 3. e5 Bf5 4. Nf3 e6 5. Be2 Nd7 6. O-O Bg6 7. a4 Ne7 8. a5 Nf5 9. h3 Bb4 10. Bd2 Bxd2 11. Nbxd2 O-O 12. b4 f6 13. exf6 Qxf6 14. Nb3 e5 15. dxe5 Nxe5 16. Nxe5 Qxe5 17. Bd3 Qc3 18. Qe1 Qf6 19. Nc5 Rae8 20. Qd2 Re7 21. Rae1 Rfe8 22. Rxe7 Qxe7 23. c4 b6 24. axb6 axb6 25. Na4 Qa7 26. Nc3 dxc4 27. Bxc4+ Bf7 28. Bxf7+ Qxf7 29. Na4 b5 30. Nc5 h6 31. Rd1 Re5 32. Qf4 Rd5 33. Re1 Nd6 34. Qg3 Kh7 35. Ne6 Qf6 36. h4 Kg8 37. h5 Kh7 38. Nf4 Re5 39. Rd1 Kg8 40. Ng6 Rd5 41. Rxd5 cxd5 42. Qa3 Qd8 43. Qa7 Ne4 44. Qb7 Nf6 45. Qxb5 d4 46. Qc4+ Kh7 47. Nf4 Qd6 48. g3 Qe5 49. b5 Nxh5 50. Qd3+ Kg8 51. Qb3+ Kh7 52. Qb1+ Kg8 53. Nxh5 Qxh5 54. b6 Qe8 55. b7 Qb8 56. Qb5 d3 57. Kf1 1-0

[Event "Astana Open-A 2019"]
[Site "Nur-Sultan"]
[Date "2019.07.16"]
[Round "7.1"]
[White "Dmitry, Bocharov"]
[Black "Vitaly, Sivuk"]
[Result "1/2-1/2"]
[ECO "D10"]
[WhiteElo "2506"]
[BlackElo "2546"]
[Annotator "ChessBase"]
[PlyCount "139"]
[EventDate "2019.07.11"]
[EventCountry "KAZ"]
[SourceTitle "playchess.com"]
[Source "ChessBase"]
[SourceQuality "1"]
[TimeControl "90+30"]

1. c4 c6 2. Nf3 d5 3. e3 Nf6 4. Nc3 a6 5. Qc2 g6 6. d4 Bg7 7. Bd3 O-O 8. O-O b5 9. b3 Nbd7 10. e4 bxc4 11. bxc4 dxe4 12. Nxe4 c5 13. Bb2 cxd4 14. Bxd4 Bb7 15. Rab1 Qc7 16. Nxf6+ Nxf6 17. Be5 Qc8 18. c5 Bxf3 19. gxf3 Nh5 20. Bxg7 Nxg7 21. c6 Ra7 22. Rfc1 Rc7 23. Rb6 Qh3 24. Qe2 Ne6 25. Qe3 Rd8 26. Bf1 Qh4 27. Rb7 Rd5 28. Rxc7 Nxc7 29. f4 Qf6 30. h3 Qd6 31. Bg2 Rd2 32. a4 Rd4 33. Qe5 Rxa4 34. Qxd6 exd6 35. Rb1 Nb5 36. Bf1 Re4 37. Bxb5 axb5 38. Rxb5 Rc4 39. Rb6 Kf8 40. c7 Ke7 41. Rb7 Ke6 42. Kf1 f6 43. Ke2 h5 44. Kd3 d5 45. Ke3 h4 46. Kf3 Rc3+ 47. Ke2 Kf5 48. Rb5 Ke4 49. Rb4+ d4 50. f3+ Kd5 51. Rb5+ Ke6 52. Rb4 Rc2+ 53. Kd3 Rxc7 54. Rxd4 Kf5 55. Ke3 Rc2 56. Rd5+ Ke6 57. Rd4 f5 58. Rd8 Rh2 59. Rh8 Rxh3 60. Kf2 Rh2+ 61. Kg1 Ra2 62. Rxh4 Kd5 63. Rh8 Kd4 64. Re8 Kd3 65. Kf1 Ra4 66. Kf2 Rxf4 67. Rg8 Ra4 68. Rxg6 f4 69. Rd6+ Rd4 70. Re6 1/2-1/2

[Event "Astana Open-A 2019"]
[Site "Nur-Sultan"]
[Date "2019.07.16"]
[Round "7.4"]
[White "Konstantin, Kazakov"]
[Black "Vadim, Malakhatko"]
[Result "1/2-1/2"]
[ECO "C07"]
[WhiteElo "2380"]
[BlackElo "2462"]
[Annotator "ChessBase"]
[PlyCount "127"]
[EventDate "2019.07.11"]
[EventCountry "KAZ"]
[SourceTitle "playchess.com"]
[Source "ChessBase"]
[SourceQuality "1"]
[TimeControl "90+30"]

1. e4 e6 2. d4 d5 3. Nd2 c5 4. exd5 Qxd5 5. Ngf3 cxd4 6. Bc4 Qd8 7. O-O Nc6 8. Nb3 a6 9. Nbxd4 Nxd4 10. Nxd4 Qc7 11. Bb3 Bd6 12. Qh5 Nf6 13. Qh4 Bd7 14. Bg5 O-O-O 15. Nf3 Bc6 16. Bxf6 gxf6 17. Qxf6 Rhg8 18. g3 Rg6 19. Qc3 Rdg8 20. Nd4 Bxg3 21. fxg3 Rxg3+ 22. hxg3 Rxg3+ 23. Kf2 Rxc3 24. bxc3 Be4 25. Rae1 Bg6 26. Re3 Kb8 27. Nf3 Qc5 28. Rd1 Bh5 29. Rg1 Bg6 30. Ne5 Qd6 31. Ke1 Bh5 32. Nd3 Qh2 33. Rf1 Qh4+ 34. Kd2 Qg5 35. Nf4 Bg4 36. Nd3 Bf5 37. Ne5 h5 38. Nxf7 Qg2+ 39. Ke1 h4 40. Bxe6 Bxe6 41. Rxe6 Qxc2 42. Re3 Qxa2 43. Ng5 a5 44. Rf4 Qb1+ 45. Kf2 Qc2+ 46. Kf3 Qd1+ 47. Ke4 a4 48. Kf5 Qd7+ 49. Ne6 a3 50. Ke5 a2 51. Re1 Qd2 52. Rff1 Qxc3+ 53. Kd6 h3 54. Kd5 Qb3+ 55. Kd6 Qa3+ 56. Kd5 Qb3+ 57. Kd6 Ka7 58. Nc5 Qb2 59. Kd5 Qd2+ 60. Kc4 Qc2+ 61. Kb4 Qd2+ 62. Kc4 Qc2+ 63. Kb4 Qd2+ 64. Kc4 1/2-1/2

[Event "Astana Open-A 2019"]
[Site "Nur-Sultan"]
[Date "2019.07.16"]
[Round "7.6"]
[White "Evgeniy, Pak"]
[Black "Jakhongir, Vakhidov"]
[Result "0-1"]
[ECO "B08"]
[WhiteElo "2402"]
[BlackElo "2541"]
[Annotator "ChessBase"]
[PlyCount "90"]
[EventDate "2019.07.11"]
[EventCountry "KAZ"]
[SourceTitle "playchess.com"]
[Source "ChessBase"]
[SourceQuality "1"]
[TimeControl "90+30"]

1. d4 d6 2. e4 Nf6 3. Nc3 g6 4. Nf3 Bg7 5. Be2 O-O 6. O-O e6 7. Re1 Nc6 8. Bf1 b6 9. a4 Bb7 10. h3 a6 11. b3 Re8 12. Bb2 Nb4 13. Qc1 c5 14. dxc5 bxc5 15. e5 Nd7 16. exd6 Bxf3 17. gxf3 Ne5 18. Rxe5 Bxe5 19. Ne4 Nc6 20. d7 Rf8 21. Bxe5 Nxe5 22. Qf4 Nxd7 23. Rd1 Ra7 24. Bxa6 Qe7 25. Bb5 f5 26. Ng5 Ne5 27. Qxe5 Qxg5+ 28. Kf1 Re7 29. Bc4 Qf6 30. Qxc5 Kg7 31. f4 e5 32. fxe5 Rxe5 33. Qd6 Qxd6 34. Rxd6 f4 35. f3 Rh5 36. Kg2 Rff5 37. Be6 Rc5 38. c4 Rce5 39. Bg4 Re2+ 40. Kf1 Rhe5 41. Rd1 Rb2 42. Rd3 Kf6 43. Rc3 Kg5 44. Rc1 Ree2 45. Rb1 Rf2+ 0-1

[Event "Astana Open-A 2019"]
[Site "Nur-Sultan"]
[Date "2019.07.17"]
[Round "8.1"]
[White "Sivuk, Vitaly"]
[Black "Anton, Shomoev"]
[Result "1/2-1/2"]
[ECO "E71"]
[WhiteElo "2546"]
[BlackElo "2559"]
[Annotator "ChessBase"]
[PlyCount "122"]
[EventDate "2019.07.11"]
[EventCountry "KAZ"]
[SourceTitle "playchess.com"]
[Source "ChessBase"]
[SourceQuality "1"]
[TimeControl "5400+30"]

1. d4 Nf6 2. c4 g6 3. Nc3 Bg7 4. e4 d6 5. h3 O-O 6. Be3 e5 7. d5 Na6 8. g4 Nc5 9. f3 a5 10. Nge2 c6 11. Ng3 cxd5 12. cxd5 a4 13. Qd2 Qa5 14. Nb5 Qd8 15. Rc1 b6 16. Be2 Ne8 17. h4 f5 18. gxf5 gxf5 19. exf5 Bxf5 20. Nc3 Ra7 21. Nce4 Raf7 22. Ng5 Rf6 23. Bxc5 bxc5 24. Nxf5 Rxf5 25. Bd3 Rxf3 26. Bxh7+ Kh8 27. Nxf3 Rxf3 28. Be4 Rf4 29. Rc4 Nf6 30. Bd3 Nxd5 31. Qe2 Bh6 32. Rxf4 Nxf4 33. Qe4 Qg8 34. Bb1 c4 35. Kf1 Qf7 36. Ke1 Qg7 37. Qa8+ Qg8 38. Qxg8+ Kxg8 39. Rf1 d5 40. Bc2 Kf7 41. Bxa4 Ke6 42. Bc2 Ng2+ 43. Kf2 Nxh4 44. Rh1 Bg5 45. a4 e4 46. a5 Nf5 47. a6 Be3+ 48. Ke1 Nd6 49. Ba4 Nc8 50. Rh3 Bf4 51. Rh7 Kd6 52. a7 Nxa7 53. Rxa7 d4 54. Rd7+ Kc5 55. Bd1 d3 56. Bh5 e3 57. Kd1 Be5 58. Rb7 e2+ 59. Bxe2 dxe2+ 60. Kxe2 Kc6 61. Rb4 Kc5 1/2-1/2

[Event "Astana Open-A 2019"]
[Site "Nur-Sultan"]
[Date "2019.07.17"]
[Round "8.3"]
[White "Stupak, Kirill"]
[Black "Vladimir, Burmakin"]
[Result "1/2-1/2"]
[ECO "A46"]
[WhiteElo "2560"]
[BlackElo "2506"]
[Annotator "ChessBase"]
[PlyCount "104"]
[EventDate "2019.07.11"]
[EventCountry "KAZ"]
[SourceTitle "playchess.com"]
[Source "ChessBase"]
[SourceQuality "1"]
[TimeControl "5400+30"]

1. d4 Nf6 2. Nf3 c6 3. Bf4 Qb6 4. Qc1 Nh5 5. Bd2 Nf6 6. c4 d6 7. Nc3 Bg4 8. Be3 Nbd7 9. h3 Bf5 10. g4 Bg6 11. Bg2 Qb4 12. Nd2 e6 13. O-O Be7 14. f4 O-O 15. Bf2 d5 16. a3 Qa5 17. Bg3 Qd8 18. b4 Rc8 19. Kh2 h5 20. f5 Bh7 21. g5 Ne8 22. g6 fxg6 23. fxe6 h4 24. Bf2 Ndf6 25. Bxh4 Nc7 26. Nf3 Nxe6 27. Qe3 Nc7 28. c5 Re8 29. Qf2 Ne6 30. Ne5 g5 31. Bg3 Rf8 32. Qe3 Qe8 33. Bf3 Bd8 34. Ng4 Bc7 35. Qg1 Bxg3+ 36. Kxg3 Qe7 37. e3 Rce8 38. Kg2 Nd8 39. Rae1 Ne4 40. Bxe4 Bxe4+ 41. Kh2 Bh7 42. Rxf8+ Rxf8 43. Rf1 Nf7 44. Qg3 Bg6 45. Re1 Bf5 46. Nf2 Qd8 47. Rg1 Qf6 48. Ncd1 Re8 49. Nc3 Qe7 50. Ncd1 Qf6 51. Nc3 Qe7 52. Ncd1 Qf6 1/2-1/2

[Event "Astana Open-A 2019"]
[Site "Nur-Sultan"]
[Date "2019.07.17"]
[Round "8.4"]
[White "Malakhatko, Vadim"]
[Black "Vakhidov, Jakhongir"]
[Result "1-0"]
[ECO "E61"]
[WhiteElo "2462"]
[BlackElo "2541"]
[Annotator "ChessBase"]
[PlyCount "135"]
[EventDate "2019.07.11"]
[EventCountry "KAZ"]
[SourceTitle "playchess.com"]
[Source "ChessBase"]
[SourceQuality "1"]
[TimeControl "5400+30"]

1. d4 d6 2. Nf3 g6 3. c4 Nf6 4. Nc3 Bf5 5. d5 Bg7 6. Nd4 Bd7 7. e4 e6 8. Be2 exd5 9. cxd5 O-O 10. O-O Re8 11. Bf3 a5 12. Re1 Na6 13. Bf4 Nc5 14. Qd2 Ng4 15. h3 Ne5 16. Be2 Ned3 17. Bxd3 Bxd4 18. Bc2 Bg7 19. Bg5 Qb8 20. Be3 b5 21. Bd4 b4 22. Bxg7 Kxg7 23. Qd4+ f6 24. Ne2 Qb6 25. Ng3 Na4 26. Qxb6 Nxb6 27. Rac1 Bb5 28. Bd1 Ra7 29. Be2 Bxe2 30. Rxe2 f5 31. Rec2 Re7 32. exf5 Nxd5 33. fxg6 hxg6 34. f3 Nf4 35. Rd2 Re5 36. Kf2 Kf7 37. h4 Ne6 38. Ne4 Ke7 39. g4 Ra8 40. Ng5 Kd7 41. Nxe6 Rxe6 42. Rc5 c6 43. h5 d5 44. hxg6 Rxg6 45. Kg3 Rd6 46. g5 Kc7 47. Kg4 Re8 48. Rc1 d4 49. Rc4 d3 50. Re4 Rxe4+ 51. fxe4 c5 52. b3 c4 53. bxc4 Kc6 54. Kf5 Kc5 55. g6 Kxc4 56. g7 Rd8 57. Rg2 Rg8 58. Kf6 a4 59. e5 b3 60. axb3+ axb3 61. e6 Kc3 62. Kf7 d2 63. Rg1 Rxg7+ 64. Kxg7 Kc2 65. e7 d1=Q 66. Rxd1 Kxd1 67. e8=Q b2 68. Qe4 1-0